AoeStats
← MissFenn

Hideout

508548569Analyzed
1v1 RM · 9d ago on Sep 23, 2026· 52m 30s· 2 players
Game mode
Random Map
Map size
Tiny (2 player)
Population
200
Speed
Normal
Resources
Standard
Victory
Conquest
Starting age
Dark Age
Ending age
Imperial Age
RankedLock teamsTeams togetherTeam positionsShared explorationLock speedFull tech treeHidden civsTurbo modeCheats
Victory
Defeat
🇺🇸 Japanese · United States
675
+18
🇺🇸 Celts · United States
727
-18
MissFenn
11:24 Feudal Age
13:13 Man-at-Arms
14:03 Loom
14:44 Arson
17:18 Forging
17:08 Scale Mail Armor
21:14 Double-Bit Axe
23:24 Wheelbarrow
23:00 Fletching
23:48 Padded Archer Armor
24:36 Horse Collar
27:28 Castle Age
30:51 Iron Casting
30:34 Leather Archer Armor
30:32 Elite Skirmisher
31:54 Squires
32:01 Heavy Plow
32:17 Bow Saw
32:26 Bodkin Arrow
32:46 Chain Mail Armor
33:37 Hand Cart
34:05 Gold Mining
34:05 Stone Mining
37:19 Thumb Ring
43:49 Imperial Age
46:09 Blast Furnace
45:39 Plate Mail Armor
45:59 Gold Shaft Mining
46:42 Kataparuto
47:36 Bracer
48:12 Conscription
50:05 Ballistics
50:46 Chemistry
49:44 Murder Holes
Eric
11:08 Feudal Age
10:23 Loom
12:58 Double-Bit Axe
15:24 Wheelbarrow
15:32 Gold Mining
18:15 Castle Age
16:52 Padded Archer Armor
16:51 Fletching
20:05 Bodkin Arrow
21:37 Crossbowman
25:21 Man-at-Arms
26:33 Bow Saw
28:08 Leather Archer Armor
32:44 Horse Collar
34:21 Wheelbarrow
33:57 Heavy Plow
35:15 Scale Barding Armor
35:23 Forging
37:37 Town Watch
38:29 Husbandry
37:51 Light Cavalry
39:45 Stronghold
40:03 Murder Holes
40:38 Ballistics
43:43 Iron Casting
43:09 Scale Mail Armor
44:22 Gold Shaft Mining
44:31 Masonry
45:28 Town Patrol
50:36 Imperial Age
48:37 Chain Mail Armor
51:48 Plate Mail Armor
52:18 Blast Furnace
51:45 Gambesons
Connection lost

Rejoining the realm…

Still unreachable

The connection could not be restored.

Session expired

The server has moved on; the page needs a fresh start.